 Dungeon Crawl Stone Soup version 0.19.4 (console) character file.

1925 Kloppie the Fighter (level 8, -6/105 HPs)
             Began as a Minotaur Gladiator on Feb 5, 2017.
             Was a Follower of Hepliaklqana.
             Mangled by a two-headed ogre
             ... wielding a +0 giant club
              (11 damage)
             ... on level 7 of the Dungeon.
             The game lasted 00:06:29 (5035 turns).

Kloppie the Fighter (Minotaur Gladiator)            Turns: 5035, Time: 00:06:29

Health: -6/105     AC: 24    Str: 20    XL:     8   Next: 96%
Magic:  7/7        EV:  2    Int:  5    God:    Hepliaklqana [*.....]
Gold:   246        SH:  0    Dex: 13    Spells: 0 memorised, 7 levels left

rFire  . . .     SeeInvis .     a - +1 war axe
rCold  . . .     Gourm    .     (armour currently unavailable)
rNeg   + + +     Faith    .     (no shield)
rPois  +         Spirit   .     (helmet currently unavailable)
rElec  .         Reflect  .     (cloak currently unavailable)
rCorr  .         Harm     .     (gloves currently unavailable)
MR     .....     NoTele   +     (boots currently unavailable)
Stlth  +.........               (no amulet)
                                (no ring)
                                (no ring)

@: tree-form, drained
A: (retaliatory headbutt), reduced essence, (horns 0), (fire resistance 0)
a: Recall Ancestor, Ancestor Identity, Renounce Religion


You were on level 7 of the Dungeon.
You worshipped Hepliaklqana.
Hepliaklqana was aware of your devotion.
You were not hungry.
You were a tree.
You visited 1 branch of the dungeon, and saw 7 of its levels.
You also visited: Sewer.

You collected 246 gold pieces.

Inventory:

Hand Weapons
 a - a +1 war axe (weapon)
Missiles
 d - a throwing net (quivered)
Armour
 c - a +1 hat (melded)
 j - a +0 scale mail (melded)
Wands
 i - a wand of paralysis (8/24)
 u - a wand of flame (20/48)
 v - a wand of flame (31/48)
Scrolls
 n - 3 scrolls of teleportation
 q - 4 scrolls of identify
Potions
 e - 3 potions of flight
 m - a potion of curing
 r - a potion of resistance
Books
 h - a book of Frost

   Spells                             Type                      Level
   a - Freeze                         Ice                          1
   b - Throw Frost                    Conjuration/Ice              2
   c - Ozocubu's Armour               Charms/Ice                   3
   d - Throw Icicle                   Conjuration/Ice              4
   e - Summon Ice Beast               Ice/Summoning                4
 p - a book of Cantrips

   Spells                             Type                      Level
   a - Confusing Touch                Hexes                        1
   b - Animate Skeleton               Necromancy                   1
   c - Summon Small Mammal            Summoning                    1
   d - Apportation                    Translocation                1
Comestibles
 b - 5 fruits
 f - 5 bread rations
 g - a meat ration
 o - a chunk of flesh
 x - 2 beef jerkies


   Skills:
 - Level 9.2(9.1) Fighting
 + Level 8.8(8.7) Axes
 - Level 2.0(1.9) Throwing
 * Level 6.9(6.8) Armour
 - Level 3.2(3.1) Dodging


You had 7 spell levels left.
You didn't know any spells.

Dungeon Overview and Level Annotations

Branches:
Dungeon (7/15)             Temple (0/1) D:4

Altars:
Fedhas
Hepliaklqana
Nemelex Xobeh
Vehumet


Innate Abilities, Weirdness & Mutations

((You reflexively headbutt those who attack you in melee.))
((You have a pair of horns on your head.))
Your life essence is reduced. (-10% HP)
((Your flesh is heat resistant. (rF+)))


Message History

Your +0 scale mail melds into your body.
Your roots penetrate the ground.
The two-headed ogre hits you with a giant club!
* * * LOW HITPOINT WARNING * * *
The two-headed ogre hits you but does no damage.
You barely miss the two-headed ogre. The wight hits you but does no damage.
You barely miss the two-headed ogre. You closely miss the wight.
The two-headed ogre hits you with a giant club!
* * * LOW HITPOINT WARNING * * *
The two-headed ogre barely misses you. The wight hits you with a war axe.
* * * LOW HITPOINT WARNING * * *
A hound comes into view.
The hound barks!
You slash the two-headed ogre!
The two-headed ogre is moderately wounded.
You hit the wight but do no damage. The wight hits you but does no damage.
The two-headed ogre hits you with a giant club!
* * * LOW HITPOINT WARNING * * *
The two-headed ogre hits you with a giant spiked club!
You die...

. ###### .. #....# ...
#....# .... . #....#
.....
..##...♣####......
......O.zz†)......
..##....####......
.##...h######+#######
......................
################.####.#
...............R.#
............######
............#


You could see a two-headed ogre, a hound and 2 wights.

Vanquished Creatures
  Pikel (D:6)
  Eustachio (D:5)
  The ghost of Yarinad the Skirmisher, an amateur HuFi (D:4)
  2 sky beasts
  A bullfrog (Sewer)
  Blork the orc (D:5)
  A scorpion (D:4)
  2 wights (D:7)
  An electric eel (D:6)
  A crimson imp (D:5)
  A bullfrog zombie (D:6)
  2 orc priests
  2 hounds
  2 hound skeletons
  8 gnolls
  6 adders
  A howler monkey skeleton (D:6)
  2 shadow imps (D:5)
  2 oozes
  4 worms
  A dart slug (D:2)
  4 leopard geckos
  9 orcs
  8 ball pythons
  9 giant cockroaches
  5 goblins
  11 hobgoblins
  9 jackals
  A quokka (D:3)
  5 bats
  5 frilled lizards
  8 kobolds
  A quokka skeleton (D:6)
  13 rats
131 creatures vanquished.

Vanquished Creatures (collateral kills)
  2 slaves (D:6)
  The ghost of vuolankoinen the Skirmisher, an amateur FeWn (Sewer)
  A bullfrog (Sewer)
  A hound (D:7)
  A centaur skeleton (D:6)
  An orc wizard (D:4)
  2 gnolls (D:4)
  An adder (D:5)
  2 leopard geckos (Sewer)
  5 giant cockroaches
  3 jackals (D:7)
  A frilled lizard (Sewer)
21 creatures vanquished.

Vanquished Creatures (others)
  An ancestor (D:7)
1 creature vanquished.

Grand Total: 153 creatures vanquished

Notes
Turn   | Place    | Note
-------+----------+-------------------------------------------
     0 | D:1      | Kloppie the Minotaur Gladiator began the quest for the Orb.
     0 | D:1      | Reached XP level 1. HP: 18/18 MP: 0/0
   224 | D:1      | Reached skill level 3 in Fighting
   246 | D:1      | Reached XP level 2. HP: 25/26 MP: 1/1
   823 | D:2      | Reached XP level 3. HP: 31/31 MP: 2/2
   854 | D:2      | Reached skill level 4 in Fighting
   889 | D:2      | Reached XP level 4. HP: 7/41 MP: 3/3
  1204 | D:2      | Found a blossoming altar of Fedhas.
  1341 | D:2      | Reached skill level 5 in Fighting
  1635 | D:3      | Reached XP level 5. HP: 45/48 MP: 4/4
  1686 | D:3      | Reached skill level 5 in Axes
  1867 | D:3      | Found a hazy altar of Hepliaklqana.
  2160 | D:3      | Became a worshipper of Hepliaklqana the Forgotten
  2379 | D:4      | Found a staircase to the Ecumenical Temple.
  2385 | D:4      | Reached skill level 6 in Fighting
  2677 | D:4      | Reached XP level 6. HP: 34/52 MP: 5/5
  2755 | D:4      | Found a radiant altar of Vehumet.
  2828 | D:4      | Noticed Yarinad's ghost (amateur HuFi)
  2859 | D:4      | HP: 1/52 [Yarinad's ghost (9)]
  2861 | D:4      | Killed Yarinad's ghost
  2861 | D:4      | Reached skill level 7 in Fighting
  3197 | D:4      | Found a sparkling altar of Nemelex Xobeh.
  3287 | D:4      | Reached XP level 7. HP: 59/60 MP: 6/6
  3323 | D:4      | Gained mutation: Your flesh is heat resistant. (rF+) [potion of beneficial mutation]
  3385 | D:5      | Entered Level 5 of the Dungeon
  3416 | D:5      | Noticed Blork the orc
  3426 | D:5      | Killed Blork the orc
  3463 | D:5      | Reached skill level 8 in Fighting
  3502 | D:5      | Found a glowing drain.
  3510 | D:5      | Noticed Eustachio
  3548 | D:5      | Killed Eustachio
  3555 | Sewer    | Entered a sewer
  3575 | Sewer    | Reached * piety under Hepliaklqana
  3599 | Sewer    | Noticed vuolankoinen's ghost (amateur FeWn)
  3621 | Sewer    | Killed vuolankoinen's ghost
  3623 | Sewer    | Reached skill level 9 in Fighting
  4281 | D:5      | Reached skill level 1 in Armour
  4281 | D:5      | Reached XP level 8. HP: 44/70 MP: 7/7
  4661 | D:6      | Noticed Pikel
  4677 | D:6      | Killed Pikel
  4677 | D:6      | Reached skill level 5 in Armour
  5025 | D:7      | Noticed a two-headed ogre
  5035 | D:7      | HP: 5/105 [two-headed ogre/giant club (9)]
  5035 | D:7      | Mangled by a two-headed ogre

Skill      XL: |  1  2  3  4  5  6  7  8 |
---------------+-------------------------+-----
Fighting       | 3 4 5 6 7 9 |  9.2
Axes           | 4 5 6 7 8 |  8.8
Armour         | 1 6 |  6.9
Throwing       | |  2.0
Dodging        | |  3.2

Action                   |  1- 3 |  4- 6 |  7- 9 || total
-------------------------+-------+-------+-------++-------
Melee: War axe           |    40 |   140 |   178 ||   358
       Headbutt          |    10 |    30 |    28 ||    68
Throw: Throwing net      |     3 |       |       ||     3
Invok: Recall Ancestor   |       |     1 |     1 ||     2
  Use: Potion            |       |       |     9 ||     9
       Scroll            |       |       |     7 ||     7
 Stab: Distracted        |       |     1 |       ||     1
  Eat: Chunk             |       |     7 |     7 ||    14
Armor: Scale mail        |     5 |    55 |    77 ||   137
       Leather armour    |     3 |       |       ||     3
       Skin              |       |       |    26 ||    26
Dodge: Dodged            |    22 |    97 |   123 ||   242
